 Dungeon Crawl Stone Soup version 0.23.2-1-ga50397a6bc (webtiles) character file.

Game seed: 15010516011100223525

1581 FluffierThanThou the Shield-Bearer (level 8, 0/73 HPs)
             Began as a Minotaur Fighter on May 19, 2019.
             Slain by a water moccasin (5 damage)
             ... on level 6 of the Dungeon.
             The game lasted 00:13:00 (5249 turns).

FluffierThanThou the Shield-Bearer (MiFi)           Turns: 5249, Time: 00:13:00

Health: 0/73       AC:  9    Str: 22    XL:     8   Next: 60%
Magic:  7/7        EV:  8    Int:  5    God:
Gold:   57         SH: 11    Dex: 11    Spells: 7/7 levels left

rFire    + . .     SeeInvis .   a - +0 war axe
rCold    + . .     Gourm    .   c - +0 shield
rNeg     . . .     Faith    .   b - +0 scale mail
rPois    +         Spirit   .   (helmet restricted)
rElec    +         Reflect  .   (no cloak)
rCorr    +         Harm     .   (no gloves)
MR       .....                  z - +0 pair of boots
Stlth    ..........             j - amulet of rage
HPRegen  0.22/turn              u - ring of resist corrosion
MPRegen  0.10/turn              (no ring)

@: lethally poisoned (0 -> -13), resistant, berserk cooldown, very slightly
contaminated
A: retaliatory headbutt, horns 2
a: Evoke Berserk Rage


You were on level 6 of the Dungeon.
You were not hungry.

You visited 2 branches of the dungeon, and saw 7 of its levels.

You collected 219 gold pieces.
You spent 162 gold pieces at shops.

Inventory:

Hand Weapons
 a - a +0 war axe (weapon)
Armour
 b - a +0 scale mail (worn)
 c - a +0 shield (worn)
 z - a +0 pair of boots (worn)
Jewellery
 j - an amulet of rage (around neck)
 u - a ring of resist corrosion (left hand)
Wands
 d - a wand of flame (4)
 y - a wand of paralysis (5)
Scrolls
 e - 8 scrolls of identify
 h - 3 scrolls of remove curse
 o - a scroll of magic mapping {unknown}
 p - a scroll of enchant armour {unknown}
 q - 3 scrolls of teleportation {unknown}
 r - a scroll of fear {unknown}
 s - a scroll of blinking {unknown}
 t - 3 scrolls of amnesia {unknown}
 v - a scroll of noise {unknown}
 x - 2 scrolls of enchant weapon
Potions
 g - a potion of berserk rage
 i - a potion of resistance
 k - a potion of lignification {unknown}
 l - 2 potions of invisibility
 m - 2 potions of haste {unknown}
 n - a potion of mutation {unknown}
 w - a potion of curing {unknown}
Comestibles
 f - 8 rations


   Skills:
 + Level 7.4 Fighting
 + Level 6.9 Axes
 + Level 7.4 Armour
 + Level 7.4 Shields


You had 7 spell levels left.
You didn't know any spells.
Your spell library was empty.

Dungeon Overview and Level Annotations

Branches:
Dungeon (6/15)             Temple (1/1) D:6

Altars:
Ashenzari
Cheibriados
Dithmenos
Elyvilon
Fedhas
Gozag
Hepliaklqana
Kikubaaqudgha
Makhleb
Nemelex Xobeh
Qazlal
Ru
Sif Muna
Trog
Uskayaw
Vehumet
Wu Jian
Xom
Yredelemnul
Zin
The Shining One

Shops:
D:6 (?

Annotations:
D:6 Dowan, Duvessa


Innate Abilities, Weirdness & Mutations

You reflexively headbutt those who attack you in melee.
You have a pair of horns on your head.


Message History

You flicker back into view.
You feel sick. You block the water moccasin's attack.
The troll bites you but does no damage. The troll barely misses you.
You block the troll's attack.
You feel yourself speed up.
You feel sick. You block the water moccasin's attack. The troll bites you.
The troll claws you! x2
* * * LOW HITPOINT WARNING * * *
The water moccasin bites you!
* * * LOW HITPOINT WARNING * * *
You are lethally poisoned!
The water moccasin poisons you!
* * * LOW HITPOINT WARNING * * *
You feel sick. You block the water moccasin's attack.
There is a stone staircase leading up here.
It was a potion of resistance.
You feel protected.
* * * LOW HITPOINT WARNING * * *
You feel sick. The water moccasin bites you.
You die...

#........##
..........###
.##...##....##########
.##...##..#..........#
...........##........#
....>...S....[.......#
.........####........#
.##...##..# #...TS...#
.##...##T.#
#...@.#..###
..........#
#..........##
.....Se...#
#...#.∩.##..#
#.........#
###....)###∩#
##........#
#####.###.# ##.......#
##.##..# #.......#
#..##.## #.......#
##.###.# #.......#
#..# #.#


You could see a troll and a water moccasin.

Vanquished Creatures
  Grinder (D:3)
  An ice beast (D:3)
  A sky beast (D:6)
  A phantom (D:3)
  3 ogres
  A big kobold (D:5)
  Blork the orc (D:4)
  A scorpion (D:5)
  A howler monkey (D:4)
  A crimson imp (D:2)
  A hound (D:4)
  A jelly (D:5)
  An orc wizard (D:5)
  An orc priest (D:5)
  Terence (D:2)
  Jessica (D:2)
  3 iguanas
  3 worker ants
  A hound zombie (D:6)
  A mummy (D:5)
  Robin (D:2)
  12 adders
  2 oozes
  An adder skeleton (D:4)
  6 worms
  3 leopard geckos
  14 orcs
  A ball python (D:1)
  3 giant cockroaches
  13 goblins
  13 hobgoblins
  4 jackals (D:4)
  12 kobolds
  2 quokkas (D:3)
  7 bats
  6 frilled lizards
  8 rats
134 creatures vanquished.

Notes
Turn   | Place    | Note
-------+----------+-------------------------------------------
     0 | D:1      | FluffierThanThou the Minotaur Fighter began the quest for
                  | the Orb.
     0 | D:1      | Reached XP level 1. HP: 19/19 MP: 0/0
   222 | D:1      | Reached XP level 2. HP: 26/27 MP: 1/1
   591 | D:1      | Found a sparkling altar of Nemelex Xobeh.
   842 | D:2      | Reached XP level 3. HP: 19/33 MP: 2/2
   872 | D:2      | Reached XP level 4. HP: 10/41 MP: 3/3
  1129 | D:2      | Noticed Jessica
  1135 | D:2      | Killed Jessica
  1138 | D:2      | Noticed Robin
  1153 | D:2      | Killed Robin
  1153 | D:2      | Reached XP level 5. HP: 44/47 MP: 4/4
  1396 | D:2      | Noticed Terence
  1404 | D:2      | Killed Terence
  1500 | D:2      | Reached skill level 5 in Armour
  1907 | D:2      | Reached skill level 5 in Fighting
  1907 | D:2      | Reached skill level 5 in Shields
  2010 | D:3      | You fall through a shaft for 2 floors!
  2010 | D:5      | Entered Level 5 of the Dungeon
  2037 | D:5      | Reached XP level 6. HP: 48/56 MP: 5/5
  2139 | D:5      | Found a shimmering altar of Xom.
  2303 | D:3      | Noticed an ice beast
  2303 | D:3      | Noticed Grinder
  2318 | D:3      | Paralysed by Grinder for 6 turns
  2326 | D:3      | Killed Grinder
  2326 | D:3      | Reached skill level 5 in Axes
  2326 | D:3      | Reached XP level 7. HP: 62/62 MP: 6/6
  2579 | D:3      | Found a deep blue altar of Sif Muna.
  3001 | D:3      | Found a white marble altar of Elyvilon.
  3004 | D:3      | Found a shimmering altar of Xom.
  3004 | D:3      | Found a snail-covered altar of Cheibriados.
  3005 | D:3      | Found a basalt altar of Yredelemnul.
  3200 | D:3      | Found a glowing silver altar of Zin.
  3202 | D:3      | Found a sacrificial altar of Ru.
  3202 | D:3      | Found a deep blue altar of Sif Muna.
  3702 | D:4      | Reached XP level 8. HP: 45/71 MP: 7/7
  3861 | D:4      | Noticed Blork the orc
  3868 | D:4      | Killed Blork the orc
  4252 | D:5      | Found a stormy altar of Qazlal.
  4830 | D:6      | Found Hemer's Antique Weapon Emporium.
  4834 | D:6      | Found Xowas's Magic Scroll Shoppe.
  4845 | D:6      | Bought a scroll of identify for 26 gold pieces
  4845 | D:6      | Bought a scroll of enchant weapon for 97 gold pieces
  4845 | D:6      | Bought a scroll of remove curse for 39 gold pieces
  4909 | D:6      | Found a staircase to the Ecumenical Temple.
  5001 | Temple   | Entered the Ecumenical Temple
  5212 | D:6      | Noticed a troll
  5216 | D:6      | Noticed Duvessa
  5228 | D:6      | Noticed Dowan
  5249 | D:6      | Slain by a water moccasin

Skill      XL: |  1  2  3  4  5  6  7  8 |
---------------+-------------------------+-----
Fighting       | 4 5 6 7 |  7.4
Armour         | 4 5 6 7 |  7.4
Shields        | 4 5 6 7 |  7.4
Axes           | 3 4 5 6 |  6.9

Action                   |  1- 3 |  4- 6 |  7- 9 || total
-------------------------+-------+-------+-------++-------
Melee: War axe           |    52 |   101 |   196 ||   349
       Headbutt          |     8 |    18 |    36 ||    62
 Abil: Evoke Berserk Rag |       |       |     1 ||     1
  Use: Potion            |     1 |     3 |     2 ||     6
       Scroll            |       |       |     1 ||     1
  Eat: Chunk             |       |     4 |     9 ||    13
       Ration            |       |       |     1 ||     1
Armor: Scale mail        |    19 |    40 |    80 ||   139
Dodge: Dodged            |    17 |    22 |    66 ||   105
Block: Shield            |    22 |    56 |    91 ||   169
